| TOP OF THE 1ST |
|
Greenville Drive batting - Pitching for Delmarva Shorebirds : RHP Wes Reynolds
|
|
Pitching: RHP Wes Reynolds
|
|
|
Batting: RHB Tony Nunez
|
0-0: Called Strike 0-1: Ground out 5-3 (Groundball, 56, EV 99.4 MPH)
|
|
Batting: RHB Jim Hubbard
|
0-0: Swinging Strike 0-1: Foul Ball, location: 2F 0-2: Foul Ball, location: 2F 0-2: Strikes out looking
|
|
Batting: LHB Carlos Guerra
|
0-0: Ball 1-0: Ball 2-0: Foul Ball, location: 2F 2-1: Foul Ball, location: 2F 2-2: SINGLE (Line Drive, 4D, EV 96.9 MPH)
|
|
Batting: LHB Danny Montoya
|
0-0: Called Strike 0-1: Ball 1-1: Called Strike 1-2: Ball 2-2: Foul Ball, location: 2F 2-2: Foul Ball, location: 2F 2-2: Ground out 4-3 (Groundball, 4, EV 109.4 MPH)
|
| Top of the 1st over - 0 runs, 1 hit, 0 errors, 1 left on base; Greenville 0 - Delmarva 0 |
| BOTTOM OF THE 1ST |
|
Delmarva Shorebirds batting - Pitching for Greenville Drive : RHP Su-wu Yang
|
|
Pitching: RHP Su-wu Yang
|
|
|
Batting: RHB Josh Hopp
|
0-0: Ground out 6-3 (Groundball, 56, EV 79.4 MPH)
|
|
Batting: RHB Maup Gommers
|
0-0: Ball 1-0: Called Strike 1-1: Ball 2-1: Ball 3-1: Base on Balls
|
|
Batting: RHB Daniel Jackson
|
0-0: Called Strike 0-1: SINGLE (Line Drive, 56, EV 96.9 MPH) Maup Gommers to second
|
|
Batting: RHB Ken Manser
|
0-0: SINGLE (Groundball, 56S, EV 73.8 MPH) (infield hit) Maup Gommers to third Daniel Jackson to second
|
|
Batting: RHB Luke Vaccarino
|
0-0: Ball 1-0: Ball Wild Pitch! Maup Gommers scores Daniel Jackson to third Ken Manser to second 2-0: Ball 3-0: Base on Balls
|
|
Batting: RHB Ethan Finke
|
0-0: Ball Wild Pitch! Daniel Jackson scores Ken Manser to third Luke Vaccarino to second 1-0: SINGLE (Groundball, 34D, EV 103.1 MPH) Ken Manser scores Luke Vaccarino to third Runner from 3rd tries for Home, throw by RF and OUT! 9-2
|
|
Batting: RHB Steve Jones
|
0-0: Called Strike 0-1: Ball 1-1: Called Strike 1-2: Foul Ball, location: 2F 1-2: Ball 2-2: Ball 3-2: DOUBLE (Groundball, 5L, EV 107.5 MPH) Ethan Finke to third Ethan Finke scores
|
|
Batting: RHB Mike Pitts
|
0-0: Fly out, F7 (Flyball, 7, EV 97.5 MPH)
|
| Bottom of the 1st over - 4 runs, 4 hits, 0 errors, 1 left on base; Greenville 0 - Delmarva 4 |
| TOP OF THE 2ND |
|
Greenville Drive batting - Pitching for Delmarva Shorebirds : RHP Wes Reynolds
|
|
Batting: SHB Robert Soto
|
0-0: Called Strike 0-1: Ball 1-1: Foul Ball, location: 2F 1-2: Ball 2-2: Foul Ball, location: 2F 2-2: Fly out, F5 (Popup, 5S, EV 80.0 MPH)
|
|
Batting: RHB Alex Cardenas
|
0-0: Foul Ball, location: 2F 0-1: Ball 1-1: Called Strike 1-2: SINGLE (Groundball, 4D, EV 105.6 MPH)
|
|
Batting: LHB John Buff
|
0-0: Ball 1-0: Called Strike 1-1: Foul Ball, location: 2F 1-2: Foul Ball, location: 2F 1-2: Ground out 6-3 (Groundball, 6MS, EV 71.2 MPH) Alex Cardenas to second
|
|
Batting: RHB Ted Emmerich
|
0-0: Fly out, F7 (Flyball, 7LSF, EV 88.1 MPH)
|
| Top of the 2nd over - 0 runs, 1 hit, 0 errors, 1 left on base; Greenville 0 - Delmarva 4 |
| BOTTOM OF THE 2ND |
|
Delmarva Shorebirds batting - Pitching for Greenville Drive : RHP Su-wu Yang
|
|
Batting: RHB Tony Godley
|
0-0: Swinging Strike 0-1: Fly out, F8 (Flyball, 89M, EV 92.5 MPH)
|
|
Batting: RHB Josh Hopp
|
0-0: Called Strike 0-1: Called Strike 0-2: Strikes out swinging, 2-3 out at first.
|
|
Batting: RHB Maup Gommers
|
0-0: Ball 1-0: Called Strike 1-1: DOUBLE (Flyball, 8RXD, EV 113.1 MPH)
|
|
Batting: RHB Daniel Jackson
|
0-0: Ball 1-0: Swinging Strike 1-1: Ball 2-1: Swinging Strike 2-2: Ball 3-2: Foul Ball, location: 2F 3-2: Foul Ball, location: 2F 3-2: Strikes out looking
|
| Bottom of the 2nd over - 0 runs, 1 hit, 0 errors, 1 left on base; Greenville 0 - Delmarva 4 |
| TOP OF THE 3RD |
|
Greenville Drive batting - Pitching for Delmarva Shorebirds : RHP Wes Reynolds
|
|
Batting: RHB Roger Mitchell
|
0-0: Fly out, F9 (Line Drive, 9, EV 95.0 MPH)
|
|
Batting: RHB Tony Nunez
|
0-0: Ball 1-0: Called Strike 1-1: Called Strike 1-2: Strikes out swinging
|
|
Batting: RHB Jim Hubbard
|
0-0: Ball 1-0: Foul Ball, location: 2F 1-1: Foul Ball, location: 2F 1-2: Ground out 4-3 (Groundball, 4, EV 101.9 MPH)
|
| Top of the 3rd over - 0 runs, 0 hits, 0 errors, 0 left on base; Greenville 0 - Delmarva 4 |
| BOTTOM OF THE 3RD |
|
Delmarva Shorebirds batting - Pitching for Greenville Drive : RHP Su-wu Yang
|
|
Batting: RHB Ken Manser
|
0-0: Ball 1-0: Swinging Strike 1-1: Ball 2-1: SINGLE (Line Drive, 78S, EV 97.5 MPH)
|
|
Batting: RHB Luke Vaccarino
|
0-0: Called Strike Ken Manser is caught stealing 2nd base 2-4 0-1: Called Strike 0-2: Ball 1-2: Strikes out swinging
|
|
Batting: RHB Ethan Finke
|
0-0: Ball 1-0: Ball 2-0: Foul Ball, location: 2F 2-1: Foul Ball, location: 2F 2-2: Foul Ball, location: 2F 2-2: Foul Ball, location: 2F 2-2: Fly out, F3 (Line Drive, 3, EV 69.4 MPH)
|
| Bottom of the 3rd over - 0 runs, 1 hit, 0 errors, 0 left on base; Greenville 0 - Delmarva 4 |
| TOP OF THE 4TH |
|
Greenville Drive batting - Pitching for Delmarva Shorebirds : RHP Wes Reynolds
|
|
Batting: LHB Carlos Guerra
|
0-0: Called Strike 0-1: Ground out 1-3 (Groundball, 13S, EV 66.9 MPH)
|
|
Batting: LHB Danny Montoya
|
0-0: Ball 1-0: DOUBLE (Line Drive, 89D, EV 103.1 MPH)
|
|
Batting: SHB Robert Soto
|
0-0: Ball 1-0: Called Strike 1-1: Swinging Strike 1-2: Ball 2-2: DOUBLE (Line Drive, 89M, EV 100.0 MPH) Danny Montoya scores
|
|
Batting: RHB Alex Cardenas
|
0-0: Called Strike 0-1: Ground out 5-3 (Groundball, 5, EV 103.1 MPH)
|
|
Batting: LHB John Buff
|
0-0: Ball 1-0: Called Strike 1-1: Foul Ball, location: 2F 1-2: Ball 2-2: Strikes out swinging
|
| Top of the 4th over - 1 run, 2 hits, 0 errors, 1 left on base; Greenville 1 - Delmarva 4 |
| BOTTOM OF THE 4TH |
|
Delmarva Shorebirds batting - Pitching for Greenville Drive : RHP Su-wu Yang
|
|
Batting: RHB Steve Jones
|
0-0: Ball 1-0: Foul Ball, location: 5F, Error on foul ball, E5 1-1: SINGLE (Groundball, 4MD, EV 108.1 MPH)
|
|
Batting: RHB Mike Pitts
|
0-0: Ball 1-0: Foul Ball, location: 2F 1-1: Ball 2-1: Called Strike 2-2: Strikes out looking
|
|
Batting: RHB Tony Godley
|
0-0: Called Strike 0-1: Foul Ball, location: 2F 0-2: Ball 1-2: Strikes out looking
|
|
Batting: RHB Josh Hopp
|
0-0: Foul Ball, location: 2F 0-1: Swinging Strike 0-2: Ball 1-2: Ground out 4-3 (Groundball, 4, EV 103.1 MPH)
|
| Bottom of the 4th over - 0 runs, 1 hit, 1 error, 1 left on base; Greenville 1 - Delmarva 4 |
| TOP OF THE 5TH |
|
Greenville Drive batting - Pitching for Delmarva Shorebirds : RHP Wes Reynolds
|
|
Batting: RHB Ted Emmerich
|
0-0: Ball 1-0: Foul Ball, location: 2F 1-1: SINGLE (Groundball, 3S, EV 61.2 MPH) (infield hit)
|
|
Batting: RHB Roger Mitchell
|
0-0: Called Strike 0-1: Swinging Strike 0-2: Foul Ball, location: 2F 0-2: Foul Ball, location: 2F 0-2: Foul Ball, location: 2F 0-2: Foul Ball, location: 2F 0-2: Foul Ball, location: 2F 0-2: Strikes out looking
|
|
Batting: RHB Tony Nunez
|
0-0: Called Strike Ted Emmerich is caught stealing 2nd base 2-4 0-1: Foul Ball, location: 2F 0-2: Strikes out looking
|
| Top of the 5th over - 0 runs, 1 hit, 0 errors, 0 left on base; Greenville 1 - Delmarva 4 |
| BOTTOM OF THE 5TH |
|
Delmarva Shorebirds batting - Pitching for Greenville Drive : RHP Su-wu Yang
|
|
Batting: RHB Maup Gommers
|
0-0: Ball 1-0: Called Strike 1-1: Called Strike 1-2: Ball 2-2: Foul Ball, location: 2F 2-2: Ball 3-2: Foul Ball, location: 2F 3-2: Fly out, F8 (Flyball, 8RD, EV 96.9 MPH)
|
|
Batting: RHB Daniel Jackson
|
0-0: Ball 1-0: Ball 2-0: Ball 3-0: Called Strike 3-1: Foul Ball, location: 2F 3-2: Foul Ball, location: 2F 3-2: Ground out 3-1 (Groundball, 34, EV 86.9 MPH)
|
|
Batting: RHB Ken Manser
|
0-0: Fly out, F8 (Flyball, 78M, EV 85.0 MPH)
|
| Bottom of the 5th over - 0 runs, 0 hits, 0 errors, 0 left on base; Greenville 1 - Delmarva 4 |
| TOP OF THE 6TH |
|
Greenville Drive batting - Pitching for Delmarva Shorebirds : RHP Wes Reynolds
|
|
Batting: RHB Jim Hubbard
|
0-0: Ball 1-0: Called Strike 1-1: Ball 2-1: Ground out 2-3 (Groundball, 15S, EV 71.9 MPH)
|
|
Batting: LHB Carlos Guerra
|
0-0: Called Strike 0-1: Ball 1-1: Ground out 1-3 (Groundball, 25, EV 67.5 MPH)
|
|
Batting: LHB Danny Montoya
|
0-0: Called Strike 0-1: Ground out 4-3 (Groundball, 4M, EV 100.0 MPH)
|
| Top of the 6th over - 0 runs, 0 hits, 0 errors, 0 left on base; Greenville 1 - Delmarva 4 |
| BOTTOM OF THE 6TH |
|
Delmarva Shorebirds batting - Pitching for Greenville Drive : RHP Su-wu Yang
|
|
Batting: RHB Luke Vaccarino
|
0-0: Ground out 3-1 (Groundball, 13, EV 81.9 MPH)
|
|
Batting: RHB Ethan Finke
|
0-0: Foul Ball, location: 2F 0-1: DOUBLE (Groundball, 3L, EV 106.9 MPH)
|
|
Batting: RHB Steve Jones
|
0-0: Called Strike 0-1: Fly out, F9 (Flyball, 9LD, EV 92.5 MPH) Runner from 2nd tags up, SAFE at 3rd, no throw by RF
|
|
Pitching: LHP Josh Turner
|
|
|
Batting: RHB Mike Pitts
|
0-0: Ball 1-0: Fly out, F7 (Flyball, 7LD, EV 81.2 MPH)
|
| Bottom of the 6th over - 0 runs, 1 hit, 0 errors, 1 left on base; Greenville 1 - Delmarva 4 |
| TOP OF THE 7TH |
|
Greenville Drive batting - Pitching for Delmarva Shorebirds : RHP Wes Reynolds
|
|
Pitching: RHP Jon Grason
|
|
|
Batting: SHB Robert Soto
|
0-0: Foul Ball, location: 2F 0-1: Swinging Strike 0-2: Ground out U3 (Groundball, 3, EV 81.2 MPH)
|
|
Batting: RHB Alex Cardenas
|
0-0: Foul Ball, location: 2F 0-1: Ball 1-1: Called Strike 1-2: Ground out 5-3 (Groundball, 56S, EV 83.8 MPH)
|
|
Batting: LHB John Buff
|
0-0: Called Strike 0-1: Ball 1-1: Foul Ball, location: 2F 1-2: Ground out 4-3 (Groundball, 4, EV 105.6 MPH)
|
| Top of the 7th over - 0 runs, 0 hits, 0 errors, 0 left on base; Greenville 1 - Delmarva 4 |
| BOTTOM OF THE 7TH |
|
Delmarva Shorebirds batting - Pitching for Greenville Drive : LHP Josh Turner
|
|
Batting: RHB Tony Godley
|
0-0: Fly out, F8 (Flyball, 8RD, EV 94.4 MPH)
|
|
Batting: RHB Josh Hopp
|
0-0: Ground out 6-3 (Groundball, P, EV 85.0 MPH)
|
|
Batting: RHB Maup Gommers
|
0-0: Called Strike 0-1: Called Strike 0-2: Ball 1-2: Foul Ball, location: 2F 1-2: Foul Ball, location: 2F 1-2: Ball 2-2: Ball 3-2: Strikes out swinging
|
| Bottom of the 7th over - 0 runs, 0 hits, 0 errors, 0 left on base; Greenville 1 - Delmarva 4 |
| TOP OF THE 8TH |
|
Greenville Drive batting - Pitching for Delmarva Shorebirds : RHP Jon Grason
|
|
Batting: RHB Ted Emmerich
|
0-0: Ball 1-0: Ground out 6-3 (Groundball, 6, EV 103.1 MPH)
|
|
Pinch Hitting: LHB Eddie Contreras
|
0-0: Ball 1-0: Fly out, F7 (Flyball, 78S, EV 71.9 MPH)
|
|
Batting: RHB Tony Nunez
|
0-0: Ball 1-0: Hit by Pitch
|
|
Batting: RHB Jim Hubbard
|
0-0: Called Strike 0-1: Ball 1-1: Swinging Strike 1-2: Foul Ball, location: 2F 1-2: Ground out 4-3 (Groundball, 34, EV 84.4 MPH)
|
| Top of the 8th over - 0 runs, 0 hits, 0 errors, 1 left on base; Greenville 1 - Delmarva 4 |
| BOTTOM OF THE 8TH |
|
Delmarva Shorebirds batting - Pitching for Greenville Drive : LHP Josh Turner
|
|
Pitching: RHP Adrian Colorado
|
|
|
Now at 1B: Eddie Contreras
|
|
|
Now at 2B: Tony Nunez
|
|
|
Batting: RHB Daniel Jackson
|
0-0: DOUBLE (Line Drive, 7LS, EV 111.2 MPH)
|
|
Batting: RHB Ken Manser
|
0-0: Foul Ball, location: 2F 0-1: Swinging Strike 0-2: Ball 1-2: SINGLE (Line Drive, 34, EV 99.4 MPH) Daniel Jackson to third
|
|
Batting: RHB Luke Vaccarino
|
0-0: Ball Ken Manser steals 2nd base (no throw) 1-0: Swinging Strike 1-1: Ball 2-1: Foul Ball, location: 2F 2-2: Ball 3-2: Base on Balls
|
|
Batting: RHB Ethan Finke
|
0-0: Ball 1-0: Ball 2-0: Ball 3-0: Base on Balls Daniel Jackson scores Ken Manser to third Luke Vaccarino to second
|
|
Batting: RHB Steve Jones
|
0-0: Swinging Strike 0-1: Fly out, F9 (Flyball, 9, EV 79.4 MPH) Runner from 3rd tags up, OUT at HOME! 9-2 Luke Vaccarino to third Ethan Finke to second
|
|
Batting: RHB Mike Pitts
|
0-0: Called Strike 0-1: SINGLE (Groundball, 6S, EV 70.6 MPH) (infield hit) Luke Vaccarino scores Ethan Finke to third
|
|
Batting: RHB Tony Godley
|
0-0: Called Strike 0-1: Ball 1-1: Fly out, F7 (Flyball, 78S, EV 88.1 MPH)
|
| Bottom of the 8th over - 2 runs, 3 hits, 0 errors, 2 left on base; Greenville 1 - Delmarva 6 |
| TOP OF THE 9TH |
|
Greenville Drive batting - Pitching for Delmarva Shorebirds : RHP Jon Grason
|
|
Batting: LHB Carlos Guerra
|
0-0: Called Strike 0-1: Foul Ball, location: 2F 0-2: Ball 1-2: Foul Ball, location: 2F 1-2: Strikes out swinging
|
|
Batting: LHB Danny Montoya
|
0-0: Called Strike 0-1: SINGLE (Groundball, 4MS, EV 73.1 MPH) (infield hit)
|
|
Batting: SHB Robert Soto
|
0-0: Ball 1-0: Fielders Choice at 2nd, 5-6 (Groundball, 5, EV 86.2 MPH)
|
|
Batting: RHB Alex Cardenas
|
0-0: Ball 1-0: SINGLE (Groundball, 56D, EV 101.2 MPH) Robert Soto to second
|
|
Batting: LHB John Buff
|
0-0: Foul Ball, location: 2F 0-1: Fielders Choice at 2nd, 5-4 (Groundball, 5, EV 82.5 MPH)
|
| Top of the 9th over - 0 runs, 2 hits, 0 errors, 2 left on base; Greenville 1 - Delmarva 6 |
|